 Dungeon Crawl Stone Soup version 0.18.1-48-g4cf74bf (webtiles) character file.

86 Alarkh the Poker (level 4, -1/33 HPs)
             Began as a Mummy Skald on July 31, 2016.
             Slain by a gnoll (5 damage)
             ... on level 1 of the Dungeon.
             The game lasted 00:03:27 (2190 turns).

Alarkh the Poker (Mummy Skald)                      Turns: 2190, Time: 00:03:27

Health: -1/33      AC:  3    Str: 15    XL:     4   Next: 26%
Magic:  3/7        EV: 11    Int: 12    God:
Gold:   132        SH:  0    Dex: 11    Spells: 3 memorised, 1 level left

rFire  x . .     SeeInvis .     a - +0 spear
rCold  + . .     Gourm    .     b - +0 leather armour
rNeg   + + +     Faith    .     (no shield)
rPois  ∞         Spirit   .     (no helmet)
rElec  .         Dismiss  .     (no cloak)
rCorr  .         Reflect  .     (no gloves)
SustAt .         Harm     .     (no boots)
MR     .....                    (no amulet)
Stlth  +.........               (no ring)
                                (no ring)

@: drained, not resistant to hostile enchantments, very unstealthy
A: no food or potions, fire vulnerability, cold resistance 1, negative energy
resistance 3, torment resistance, unbreathing
a: no special abilities


You were on level 1 of the Dungeon.
You were not hungry.

You visited 1 branch of the dungeon, and saw 2 of its levels.

You collected 132 gold pieces.

Inventory:

Hand Weapons
 a - a +0 spear (weapon)
Armour
 b - a +0 leather armour (worn)
 i - a cursed +0 pair of gloves
Jewellery
 f - an uncursed amulet of harm
Scrolls
 d - a scroll of random uselessness {unknown}
 e - a scroll of fear
 g - 2 scrolls of magic mapping
 h - a scroll of enchant armour {unknown}
Books
 c - a book of Battle

   Spells                             Type                      Level
   a - Infusion                       Charms                       1
   b - Shroud of Golubria             Charms/Translocation         2
   c - Song of Slaying                Charms                       2
   d - Spectral Weapon                Hexes/Charms                 3
   e - Regeneration                   Charms/Necromancy            3


   Skills:
 - Level 2.0(1.3) Fighting
 + Level 3.8(3.1) Polearms
 - Level 0.7(0.1) Armour
 - Level 0.7(0.1) Dodging
 - Level 2.0(1.3) Spellcasting
 - Level 2.4(1.7) Charms


You had one spell level left.
You knew the following spells:

 Your Spells              Type           Power        Failure   Level  Hunger
a - Infusion              Chrm           #...         17%         1    N/A
b - Shroud of Golubria    Chrm/Tloc      #.........   38%         2    N/A
c - Spectral Weapon       Hex/Chrm       #.......     80%         3    N/A

Dungeon Overview and Level Annotations

Branches:
Dungeon (2/15)

Altars:

Annotations:
D:2 Jessica


Innate Abilities, Weirdness & Mutations

You do not eat or drink.
Your flesh is vulnerable to fire.
You are immune to poison.
Your flesh is cold resistant.
You are immune to negative energy.
You are immune to unholy pain and torment.
You can survive without breathing.


Message History

The gnoll is heavily wounded.
The gnoll closely misses you.
You closely miss the gnoll.
The gnoll is heavily wounded.
The gnoll hits you.
You hit the gnoll.
The gnoll is almost dead.
The gnoll closely misses you.
You hit the gnoll but do no damage.
The gnoll is almost dead.
The gnoll hits you.
* * * LOW HITPOINT WARNING * * *
You barely miss the gnoll.
The gnoll is almost dead.
You are no longer magically infusing your attacks.
The gnoll barely misses you.
You hit the gnoll but do no damage.
The gnoll is almost dead.
The gnoll hits you.
You die...

#...≈≈....♣..≈≈...#....#######
#....≈≈.♣...≈≈....#..........#
......≈≈≈≈≈≈≈..#..#.########.#
##............##..#.# #.#.#
#.#.!.........#..#.#### #.#.#
#.#...........#..#.##.###.#.#
#.#.#########....#.##....[#.#
#.#.# #....#.##.###.#.# #.#.#
#..@...##.#####.#### #.#.#
#.#.g..##.#.........
#.#.#########.#....##.#.###.....
#.#.#.........#.#..##.#.# ######
#.#.#.#.†.....#%#..##.#.# #!....
#.#.#.........#.#..##.#.###.####
#.#.###.#######.#.....#.....#
#.#.†...........#.###########
#.#####.#########.#


You could see a gnoll.

Vanquished Creatures
  3 adders (D:2)
  2 dart slugs (D:1)
  A giant gecko (D:2)
  2 bats (D:1)
  5 giant cockroaches
  8 goblins
  5 hobgoblins
  6 jackals
  A quokka (D:2)
  A ball python (D:2)
  2 giant newts (D:2)
  6 kobolds (D:1)
  8 rats
50 creatures vanquished.

Notes
Turn   | Place    | Note
--------------------------------------------------------------
     0 | D:1      | Alarkh the Mummy Skald began the quest for the Orb.
     0 | D:1      | Reached XP level 1. HP: 16/16 MP: 3/3
    48 | D:1      | Reached skill level 2 in Polearms
   195 | D:1      | Reached XP level 2. HP: 13/22 MP: 0/5
   679 | D:1      | Reached XP level 3. HP: 20/27 MP: 2/6
   970 | D:1      | Reached skill level 3 in Polearms
  1197 | D:2      | HP: 1/27 [jackal (1)]
  1588 | D:2      | Reached XP level 4. HP: 6/33 MP: 0/7
  1886 | D:2      | Noticed Jessica
  2168 | D:1      | Learned a level 2 spell: Shroud of Golubria
  2172 | D:1      | Learned a level 3 spell: Spectral Weapon
  2190 | D:1      | Slain by a gnoll

Skill      XL: |  1  2  3 |
---------------+----------+-----
Polearms       | 2 3 |  3.8
Fighting       | |  2.0
Armour         | |  0.7
Dodging        | |  0.7
Spellcasting   | |  2.0
Charms         | |  2.4

Action                   |  1- 3 |  4- 6 || total
-------------------------+-------+-------++-------
Melee: Spear             |   195 |    53 ||   248
 Cast: Infusion          |    16 |     3 ||    19
  Use: Scroll            |       |     2 ||     2
Armor: Leather armour    |    47 |     3 ||    50
Dodge: Dodged            |   119 |    28 ||   147
